 Dungeon Crawl Stone Soup version 0.23-a0-171-g5ae17c6e89 (webtiles) character file.

1878 Ablot the Magician (level 9, -1/69 HPs)
             Began as a Gnoll Skald on Sept 15, 2018.
             Was a Believer of Okawaru.
             Slain by a wraith (7 damage)
             ... in an ossuary.
             The game lasted 00:16:15 (6130 turns).

Ablot the Magician (Gnoll Skald)                    Turns: 6130, Time: 00:16:15

Health: -1/69      AC:  5    Str: 16    XL:     9   Next: 14%
Magic:  13/18      EV: 19    Int: 16    God:    Okawaru [**....]
Gold:   402        SH:  0    Dex: 15    Spells: 9/20 levels left

rFire    . . .     SeeInvis .   B - +1 short sword (drain)
rCold    . . .     Gourm    .   (no shield)
rNeg     + . .     Faith    +   b - +0 leather armour
rPois    .         Spirit   .   y - +0 helmet
rElec    .         Reflect  .   (no cloak)
rCorr    .         Harm     .   (no gloves)
MR       .....                  (no boots)
Stlth    ++++......             p - amulet of faith
HPRegen  0.21/turn              h - ring of positive energy
MPRegen  0.16/turn              (no ring)

@: heroism, infused, slowed, very slow
A: distributed training, fangs 1, strong nose
a: Heroism, Renounce Religion


You were in an ossuary.
You worshipped Okawaru.
Okawaru was pleased with you.
You were not hungry.

You visited 2 branches of the dungeon, and saw 7 of its levels.
You also visited: Ossuary.

You collected 402 gold pieces.

Inventory:

Hand Weapons
 B - a +1 short sword of draining (weapon)
Missiles
 a - 3 throwing nets
 c - 403 stones (quivered)
 i - 53 arrows
 j - 31 sling bullets
 t - 26 poisoned needles
 A - 51 bolts
Armour
 b - a +0 leather armour (worn)
 y - a +0 helmet (worn)
 z - a +1 scale mail of cold resistance
 C - a +2 scale mail of cold resistance
Jewellery
 h - a ring of positive energy (left hand)
 o - a +3 amulet of reflection
 p - an amulet of faith (around neck)
Wands
 r - a wand of flame (29)
 D - a wand of iceblast (7)
Scrolls
 k - 7 scrolls of teleportation
 l - 5 scrolls of enchant weapon
 m - a scroll of enchant armour {unknown}
 q - a scroll of magic mapping {unknown}
 u - a scroll of immolation {unknown}
 v - a scroll of remove curse
 F - 5 scrolls of identify
 G - a scroll of amnesia {unknown}
Potions
 e - 3 potions of heal wounds
 f - a potion of resistance
 g - a potion of berserk rage {unknown}
 n - 3 potions of flight {unknown}
 s - 3 potions of ambrosia {unknown}
 w - 3 potions of curing {unknown}
 x - 2 potions of lignification {unknown}
 E - a potion of might {unknown}
 H - a potion of cancellation {unknown}
Comestibles
 d - 8 rations


   Skills:
 + Level 6.1(11.1) Fighting
 + Level 3.9(8.9) Short Blades
 + Level 3.9(8.9) Long Blades
 + Level 3.9(8.9) Axes
 + Level 3.9(8.9) Maces & Flails
 + Level 6.1(11.1) Polearms
 + Level 3.9(8.9) Staves
 + Level 3.9(8.9) Slings
 + Level 3.9(8.9) Bows
 + Level 3.9(8.9) Crossbows
 + Level 3.9(8.9) Throwing
 + Level 4.7(9.7) Armour
 + Level 6.1(11.1) Dodging
 + Level 3.9(8.9) Stealth
 + Level 3.9(8.9) Shields
 + Level 3.9(8.9) Unarmed Combat
 + Level 6.4 Spellcasting
 + Level 3.2 Conjurations
 + Level 3.2 Hexes
 + Level 6.4 Charms
 + Level 3.2 Summonings
 + Level 3.2 Necromancy
 + Level 3.2 Translocations
 + Level 3.2 Transmutations
 + Level 3.2 Fire Magic
 + Level 3.2 Ice Magic
 + Level 3.2 Air Magic
 + Level 3.2 Earth Magic
 + Level 3.2 Poison Magic
 + Level 4.2 Invocations
 + Level 3.9 Evocations


You had 9 spell levels left.
You knew the following spells:

 Your Spells              Type           Power        Failure   Level  Hunger
a - Infusion              Chrm           ####         1%          1    None
b - Song of Slaying       Chrm           ####....     1%          2    None
c - Shroud of Golubria    Chrm/Tloc      ###.......   3%          2    None
d - Regeneration          Chrm/Necr      ###.......   6%          3    ##.....
e - Spectral Weapon       Hex/Chrm       ###.....     6%          3    ##.....

Your spell library contained the following spells:

 Spells                   Type           Power        Failure   Level  Hunger


Dungeon Overview and Level Annotations

Branches:
Dungeon (6/15)             Temple (1/1) D:4

Altars:
Ashenzari
Cheibriados
Dithmenos
Elyvilon
Gozag
Hepliaklqana
Kikubaaqudgha
Okawaru
Qazlal
Ru
Trog
Uskayaw
Wu Jian
Xom
Yredelemnul
Zin
The Shining One

Shops:
D:6 %


Innate Abilities, Weirdness & Mutations

Your experience applies equally to all skills.
You have very sharp teeth.
Your uncanny sense of smell can sniff out nearby items.


Message History

The wraith is severely damaged.
The wraith hits you but does no damage. The wraith hits you.
* * * LOW HITPOINT WARNING * * *
The wraith drains your vigour!
You feel as though you will be slow longer.
You closely miss the wraith.
The wraith is severely damaged.
The wraith hits you but does no damage.
You hit the wraith. Your bite misses the wraith.
The wraith is almost destroyed.
The wraith hits you!
* * * LOW HITPOINT WARNING * * *
The wraith drains your vigour!
You feel as though you will be slow longer.
You gain the combat prowess of a mighty hero.
The wraith hits you but does no damage. The wraith barely misses you.
You closely miss the wraith.
The wraith is almost destroyed.
The wraith hits you!
You die...

##.....##..........^..........
##...###......^......#.#.....
##.## #..####.......#'#.....
### #..#.'....8...#.#...8. #W#
#..####.......###.....
#.....................
#........#.#..#.#..#.#
#..####..#'#..#'#..#'#
#..#W@^..#.#..#.#..#.#
#..####..###..###..###
#.....................
#.....................
######################


You could see a wraith.

Vanquished Creatures
  Grinder (D:6)
  Sigmund (D:2)
  A phantom (D:5)
  6 big kobolds (D:5)
  A wyvern zombie (D:6)
  4 scorpions
  A howler monkey (D:4)
  A crimson imp (D:5)
  A quasit (D:5)
  2 hounds
  An orc priest (D:3)
  4 orc wizards
  5 worker ants
  4 mummies
  Robin (D:3)
  4 adders
  6 gnolls
  An ooze (D:5)
  A worm (D:2)
  2 dart slugs
  A leopard gecko (D:4)
  32 orcs
  4 bats
  3 giant cockroaches
  A gnoll zombie (Ossuary)
  15 goblins
  10 hobgoblins
  3 jackals (D:5)
  3 quokkas (D:3)
  7 frilled lizards
  A goblin zombie (Ossuary)
  3 hobgoblin zombies
  A jackal skeleton (D:4)
  48 kobolds
  4 kobold zombies (Ossuary)
  9 rats
193 creatures vanquished.

Notes
Turn   | Place    | Note
-------+----------+-------------------------------------------
     0 | D:1      | Ablot the Gnoll Skald began the quest for the Orb.
     0 | D:1      | Reached XP level 1. HP: 20/20 MP: 6/6
   187 | D:1      | Reached XP level 2. HP: 24/26 MP: 7/7
   192 | D:1      | Learned a level 2 spell: Song of Slaying
   195 | D:1      | Learned a level 2 spell: Shroud of Golubria
   770 | D:2      | Reached skill level 5 in Spellcasting
   770 | D:2      | Reached XP level 3. HP: 14/31 MP: 3/9
   803 | D:2      | Learned a level 3 spell: Regeneration
   964 | D:2      | Reached skill level 1 in Invocations
  1020 | D:2      | Reached skill level 1 in Short Blades
  1020 | D:2      | Reached skill level 1 in Long Blades
  1020 | D:2      | Reached skill level 1 in Axes
  1020 | D:2      | Reached skill level 1 in Maces & Flails
  1020 | D:2      | Reached skill level 1 in Staves
  1020 | D:2      | Reached skill level 1 in Slings
  1020 | D:2      | Reached skill level 1 in Bows
  1020 | D:2      | Reached skill level 1 in Crossbows
  1020 | D:2      | Reached skill level 1 in Throwing
  1020 | D:2      | Reached skill level 1 in Stealth
  1020 | D:2      | Reached skill level 1 in Shields
  1020 | D:2      | Reached skill level 1 in Unarmed Combat
  1020 | D:2      | Reached skill level 1 in Evocations
  1054 | D:2      | Reached XP level 4. HP: 38/38 MP: 11/11
  1281 | D:2      | Noticed Sigmund
  1312 | D:2      | Killed Sigmund
  1312 | D:2      | Reached skill level 1 in Conjurations
  1312 | D:2      | Reached skill level 1 in Hexes
  1312 | D:2      | Reached skill level 1 in Summonings
  1312 | D:2      | Reached skill level 1 in Necromancy
  1312 | D:2      | Reached skill level 1 in Translocations
  1312 | D:2      | Reached skill level 1 in Transmutations
  1312 | D:2      | Reached skill level 1 in Fire Magic
  1312 | D:2      | Reached skill level 1 in Ice Magic
  1312 | D:2      | Reached skill level 1 in Air Magic
  1312 | D:2      | Reached skill level 1 in Earth Magic
  1312 | D:2      | Reached skill level 1 in Poison Magic
  1312 | D:2      | Reached XP level 5. HP: 41/43 MP: 1/12
  1312 | D:2      | Reached XP level 6. HP: 47/50 MP: 1/13
  1321 | D:2      | Learned a level 3 spell: Spectral Weapon
  2013 | D:3      | Reached skill level 5 in Fighting
  2013 | D:3      | Reached skill level 5 in Polearms
  2013 | D:3      | Reached skill level 5 in Dodging
  2543 | D:3      | Found a snail-covered altar of Cheibriados.
  2954 | D:4      | Noticed Robin
  2984 | D:3      | Killed Robin
  3037 | D:4      | Reached XP level 7. HP: 6/56 MP: 9/15
  3349 | D:4      | Found a staircase to the Ecumenical Temple.
  3355 | Temple   | Entered the Ecumenical Temple
  3617 | Temple   | Became a worshipper of Warmaster Okawaru
  3682 | D:4      | Found a hazy altar of Hepliaklqana.
  3757 | D:4      | Found a white marble altar of Elyvilon.
  4004 | D:5      | Entered Level 5 of the Dungeon
  4212 | D:5      | Reached XP level 8. HP: 44/63 MP: 16/16
  4461 | D:5      | Reached * piety under Okawaru
  5222 | D:5      | Found a white marble altar of Elyvilon.
  5223 | D:5      | Found an ornate altar of the Wu Jian Council.
  5416 | D:6      | Found Puco's Food Shop.
  5500 | D:6      | Reached ** piety under Okawaru
  5597 | D:6      | Noticed Grinder
  5617 | D:6      | Paralysed by Grinder for 7 turns
  5633 | D:6      | Paralysed by Grinder for 2 turns
  5645 | D:6      | Killed Grinder
  5645 | D:6      | Reached XP level 9. HP: 30/69 MP: 5/18
  5663 | D:6      | Found a sand-covered staircase.
  5672 | Ossuary  | Entered an ossuary
  6130 | Ossuary  | Slain by a wraith

Vault maps used:
D:1:      dpeg_arrival_pond
D:2:      grunt_ministairs_15, uniq_sigmund
D:3:      kennysheep_slug_shrine
D:4:      old_standard_altar, minmay_temple_entry_fiery, first_ration,
          elyvilon_altar_3, uniq_robin
D:5:      minmay_goblin_kobold_castle, gammafunk_temple_overflow_pools
D:6:      nicolae_ossuary_entry_giza, serial_shops, shop, uniq_grinder
Temple:   oiseaux_autumnal_temple
Ossuary:  ossuary_kennysheep_city_of_the_dead

Skill      XL: |  1  2  3  4  5  6  7  8 |
---------------+-------------------------+-----
Spellcasting   | 5 6 |  6.4
Invocations    | 1 2 3 4 |  4.2
Short Blades   | 1 2 3 |  3.9
Long Blades    | 1 2 3 |  3.9
Axes           | 1 2 3 |  3.9
Maces & Flails | 1 2 3 |  3.9
Staves         | 1 2 3 |  3.9
Slings         | 1 2 3 |  3.9
Bows           | 1 2 3 |  3.9
Crossbows      | 1 2 3 |  3.9
Throwing       | 1 2 3 |  3.9
Stealth        | 1 2 3 |  3.9
Shields        | 1 2 3 |  3.9
Unarmed Combat | 1 2 3 |  3.9
Evocations     | 1 2 3 |  3.9
Armour         | 3 4 |  4.7
Conjurations   | 1 2 3 |  3.2
Hexes          | 1 2 3 |  3.2
Summonings     | 1 2 3 |  3.2
Necromancy     | 1 2 3 |  3.2
Translocations | 1 2 3 |  3.2
Transmutations | 1 2 3 |  3.2
Fire Magic     | 1 2 3 |  3.2
Ice Magic      | 1 2 3 |  3.2
Air Magic      | 1 2 3 |  3.2
Earth Magic    | 1 2 3 |  3.2
Poison Magic   | 1 2 3 |  3.2
Fighting       | 5 6 |  6.1
Polearms       | 5 6 |  6.1
Dodging        | 5 6 |  6.1
Charms         | 6 |  6.4

Action                   |  1- 3 |  4- 6 |  7- 9 || total
-------------------------+-------+-------+-------++-------
Melee: Spear             |   134 |   217 |       ||   351
       Bite              |    16 |    21 |    44 ||    81
       Club              |       |    18 |     1 ||    19
       Punch             |       |     1 |     8 ||     9
       Short sword       |       |       |   431 ||   431
       Dagger            |       |       |     5 ||     5
 Cast: Shroud of Golubri |     5 |    11 |    24 ||    40
       Regeneration      |     4 |     5 |    18 ||    27
       Infusion          |       |     1 |     2 ||     3
       Spectral Weapon   |       |     4 |    14 ||    18
       Song of Slaying   |       |     3 |    10 ||    13
Invok: Heroism           |       |       |     1 ||     1
  Use: Scroll            |       |     5 |     3 ||     8
 Stab: Sleeping          |     1 |     4 |     4 ||     9
       Distracted        |       |     1 |     1 ||     2
  Eat: Chunk             |     1 |     7 |     8 ||    16
       Ration            |       |       |     2 ||     2
Armor: Leather armour    |     6 |    29 |    82 ||   117
Dodge: Dodged            |    57 |   132 |   340 ||   529
Block: Other             |       |     8 |    15 ||    23
       Reflection        |       |     1 |       ||     1

Table legend:
 A = Non-vault XP
 B = Vault XP
 C = Vault XP percentage of total XP
 D = Non-vault monster count
 E = Vault monster count
 F = Vault count percentage of total count
                 A         B        C        D         E       F
            +---------+---------+-------+---------+---------+-------
      Total |    1350 |    1334 |  49.7 |     112 |      81 |  42.0
            +---------+---------+-------+---------+---------+-------
        D:1 |      18 |       0 |   0.0 |      11 |       0 |   0.0
        D:2 |      93 |     256 |  73.4 |      20 |       3 |  13.0
        D:3 |     241 |      34 |  12.4 |      30 |       9 |  23.1
        D:4 |     224 |       8 |   3.4 |      13 |       4 |  23.5
        D:5 |     481 |     677 |  58.5 |      27 |      51 |  65.4
        D:6 |     293 |     296 |  50.3 |      11 |       3 |  21.4
    Ossuary |       0 |      63 | 100.0 |       0 |      11 | 100.0
            +---------+---------+-------+---------+---------+-------
